 Dungeon Crawl Stone Soup version 0.27.1-3-gb3d3a73c9e (webtiles) character file.

Game seed: 18250770799977315222

105 andesha the Shield-Bearer (level 4, -1/29 HPs)
             Began as a Gargoyle Fighter on Oct 19, 2021.
             Slain by Sigmund (12 damage)
             ... on level 4 of the Dungeon.
             The game lasted 00:07:24 (3506 turns).

andesha the Shield-Bearer (Gargoyle Fighter)        Turns: 3506, Time: 00:07:25

Health: -1/29      AC: 14    Str: 20    XL:     4   Next: 81%
Magic:  4/4        EV:  5    Int:  9    God:
Gold:   210        SH: 10    Dex: 15    Spells: 3/3 levels left

rFire    . . .     SeeInvis .   a - +0 flail
rCold    . . .     Faith    .   c - +0 kite shield
rNeg     + . .     Spirit   .   n - +0 chain mail
rPois    ∞         Reflect  .   p - +0 helmet
rElec    +         Harm     .   (no cloak)
rCorr    .         Rampage  .   (no gloves)
Will     .....                  (no boots)
Stlth    ..........             (no amulet)
HPRegen  0.09/turn              b - +6 ring of dexterity
MPRegen  0.09/turn              (no ring)

@: no status effects
A: sickness immunity, AC +3, negative energy resistance 1, electricity
resistance, torment resistance 1, petrification resistance
a: no special abilities


You were on level 4 of the Dungeon.
You visited 1 branch of the dungeon, and saw 5 of its levels.

You collected 210 gold pieces.

Inventory:

Hand Weapons
 a - a +0 flail (weapon)
Armour
 c - a +0 kite shield (worn)
 n - a +0 chain mail (worn)
 p - a +0 helmet (worn)
Jewellery
 b - a +6 ring of dexterity (left hand)
Wands
 q - a wand of iceblast (5)
Scrolls
 f - a scroll of fear {unknown}
 g - a scroll of amnesia
 h - a scroll of enchant armour {unknown}
 j - 3 scrolls of identify {unknown}
 l - a scroll of teleportation {unknown}
Potions
 d - a potion of might
 e - 2 potions of ambrosia {unknown}
 i - a potion of cancellation {unknown}
 k - 2 potions of curing {unknown}
 m - 3 potions of mutation {unknown}
 o - a potion of attraction {unknown}
 r - 2 potions of brilliance {unknown}


   Skills:
 * Level 3.6 Fighting
 * Level 3.4 Maces & Flails
 + Level 3.6 Armour
 + Level 0.9 Dodging
 + Level 4.1 Shields


You had 3 spell levels left.
You didn't know any spells.
Your spell library contained the following spells:

 Spells                   Type           Power      Damage    Failure   Level
 Magic Dart               Conj           0%         1d3       100%        1
 Searing Ray              Conj           0%         3d3       100%        2
 Fulminant Prism          Conj/Hex       0%         3d6       100%        4


Dungeon Overview and Level Annotations

Branches:
Dungeon (5/15)
 Temple: D:4-7

Altars:
Gozag
Uskayaw
Wu Jian
Yredelemnul

Shops:
D:3 *   D:4 *

Annotations:
D:4 Sigmund


Innate Abilities, Weirdness & Mutations

You are immune to sickness and miasma.
Your stone body is resilient. (AC +3)
You are immune to poison.
You resist negative energy. (rN+)
You are resistant to electric shocks. (rElec)
You are resistant to unholy torment.
You are immune to petrification.


Message History

* * * LOW HITPOINT WARNING * * *
You climb upwards.
Reactivating autopickup.
There is a stone staircase leading down here.
Things that are here:
a +0 flail; an orc corpse You start resting.
HP restored.
There is a stone staircase leading down here.
You climb downwards.
Level annotation: Sigmund The kobold throws a stone.
The stone barely misses you.
There is a stone staircase leading up here.
Sigmund gestures at you while chanting.
The magic dart hits you but does no damage.
You hit the kobold.
You kill the kobold!
Sigmund gestures wildly while chanting.
Sigmund flickers and vanishes!
Deactivating autopickup; reactivate with Ctrl-A.
No target in view!
Something hits you.
Things that are here:
a +0 short sword; 4 stones You hit something but do no damage.
Something hits you but does no damage.
You miss something. Something hits you!
You hit something. Something hits you.
You hit something. Something hits you.
You miss something. Something hits you but does no damage.
You closely miss something. Something hits you but does no damage.
You miss something. Something hits you.
You hit something. Something hits you.
You sock something! Something hits you but does no damage.
You barely miss something. You block something's attack.
You thump something!
You hear some strange, mumbled words.
A puff of flame appears from out of thin air!
The puff of flame hits you but does no damage.
You barely miss something. Something hits you!
You die...

### #### ##.##
....#######...####
........#....^...#
#g....[..<..@{...#
#..........s..#.##
..............#
..[........>.##
..............# ###
..........##..# ...##
...........##.##....#
#..........##.∩....#
###...##!..##..#...#


You could see a scorpion.

Vanquished Creatures
  3 adders
  A shadow imp (D:5)
  An ufetubus (D:5)
  2 dart slugs (D:3)
  5 orcs (D:3)
  6 ball pythons
  12 endoplasms
  A giant cockroach (D:2)
  2 goblins
  3 hobgoblins
  3 jackals (D:2)
  A quokka (D:3)
  4 bats
  3 frilled lizards
  3 kobolds
  5 rats
55 creatures vanquished.

Notes
Turn   | Place    | Note
-------+----------+-------------------------------------------
     0 | D:1      | andesha the Gargoyle Fighter began the quest for the Orb.
     0 | D:1      | Reached XP level 1. HP: 14/14 MP: 1/1
   464 | D:1      | Reached XP level 2. HP: 19/19 MP: 2/2
  1105 | D:2      | Reached XP level 3. HP: 22/23 MP: 3/3
  1573 | D:2      | Found a faded altar of an unknown god.
  2163 | D:3      | Reached skill level 4 in Shields
  2163 | D:3      | Reached XP level 4. HP: 25/28 MP: 4/4
  2259 | D:3      | Found an ornate altar of the Wu Jian Council.
  2407 | D:3      | Found Merinanoil's Assorted Antiques.
  2833 | D:3      | Found a basalt altar of Yredelemnul.
  2846 | D:3      | Found a hide-covered altar of Uskayaw.
  2855 | D:3      | Found an opulent altar of Gozag.
  2890 | D:4      | Found Kaxtiff's General Store.
  2898 | D:4      | Noticed Sigmund
  2900 | D:4      | Noticed a scorpion
  2910 | D:5      | Entered Level 5 of the Dungeon
  3506 | D:4      | Slain by Sigmund

Illustrated notes

Levels and vault maps discovered:
D:1:      ncdulo_smallfort, layout_loops_corners, minmay_misc_feat_doors,
          dk_noncrumbling_3, minmay_tree_intersection
D:2:      layout_rooms, hellmonk_ecumenical_altar_zigzags
D:3:      layout_basic, nicolae_wu_jian_immortal_techniques,
          grunt_temple_overflow_diamond, serial_shops, shop_coins
D:4:      layout_cave_pools, ebering_ghost_reflecting_pool, serial_shops, shop,
          uniq_sigmund
D:5:      layout_rooms, minmay_temple_entry_sparse_star, minmay_manual_mess,
          uniq_grinder

Skill      XL: |  1  2  3  4 |
---------------+-------------+-----
Shields        | 4 |  4.1
Maces & Flails | 3 |  3.4
Fighting       | |  3.6
Armour         | |  3.6
Dodging        | |  0.9

Action                   |  1- 3 |  4- 6 || total
-------------------------+-------+-------++-------
Melee: Flail             |   123 |    73 ||   196
  Use: Scroll            |     1 |       ||     1
Armor: Scale mail        |    76 |       ||    76
       Chain mail        |     7 |    84 ||    91
Dodge: Dodged            |    52 |    38 ||    90
Block: Kite shield       |    76 |    60 ||   136
